 Dungeon Crawl Stone Soup version bcrawl-1.39.1 (webtiles) character file.

Game seed: 1373429219952823005

14063573 zoran the Talismancer (level 27, 156/213 HPs)
             Began as a Kobold Berserker on Sept 26, 2023.
             Was a High Priest of Trog.
             Escaped with the Orb
             ... and 3 runes on Sept 27, 2023!
             The game lasted 04:21:39 (69585 turns).

zoran the Talismancer (Kobold Berserker)           Turns: 69585, Time: 04:21:39

Health: 156/213    AC: 44    Str: 27    XL:     27
Magic:  40/40      EV: 15    Int: 18    God:    Trog [*****.]
Gold:   1207       SH: 16    Dex: 19    Spells: 26/26 levels left

rFire    + + .     GDR:     45% a - +9 demon blade (flame)
rCold    + . .     Archmagi +   K - +0 buckler of Tuwiq {rElec rCorr Str-2 Dex+4}
rNeg     . . .     SeeInvis .   V - +8 orange crystal plate armour {Archmagi, Int+3 Clar}
rPois    .         Gourm    .   o - +0 helmet {Int+3}
rElec    +         Faith    .   X - +0 cloak {MR+}
rCorr    +         Spirit   +   i - +0 pair of gloves
MR       +++..     Reflect  .   E - +0 pair of boots {Fly} Stlth ..........Clarity +
                                t - amulet of guardian spirit
HPRegen  0.45/turn              z - ring of protection from fire
MPRegen  0.27/turn              C - ring "Pippuh" {rF+ rC+ Str+3 Int+2}

@: swift, flying, quick
A: small, talons 1, carnivore, mutation resistance 1, sense surroundings 2
0: Orb of Zot
}: 3/15 runes: barnacled, slimy, gossamer
a: Berserk, Trog's Hand, Brothers in Arms, Renounce Religion, Evoke Flight


You escaped.
You worshipped Trog.
Trog was extremely pleased with you.
You were full.

You visited 10 branches of the dungeon, and saw 43 of its levels.
You also visited: Sewer, Gauntlet and Ice Cave.

You collected 5814 gold pieces.
You spent 4607 gold pieces at shops.

Inventory:

Hand Weapons
 a - a +9 demon blade of flaming (weapon)
 q - a +0 blowgun
Missiles
 s - 7 throwing nets (quivered) {=f}
 P - 15 curare-tipped needles
 Y - 44 needles of frenzy {=f}
Armour
 i - a +0 pair of gloves (worn)
 n - the scarf of Henotheism {rC+ rF+, +Inv Dex+4}
   (You acquired it on level 3 of the Spider Nest)

   It affects your dexterity (+4).
   It lets you turn invisible.
 o - a +0 helmet of intelligence (worn)
 E - a +0 pair of boots of flying (worn)
 K - the +0 buckler of Tuwiq (worn) {rElec rCorr Str-2 Dex+4}
   (You found it on level 4 of the Depths)

   It affects your strength (-2).
   It affects your dexterity (+4).
   It insulates you from electricity.
   It provides partial protection from all sources of acid and corrosion.
 V - the +8 orange crystal plate armour (worn) {Archmagi, Int+3 Clar}
   (You found it on level 9 of the Dungeon)

   It affects your intelligence (+3).
   It protects you against confusion.
 X - a +0 cloak of magic resistance (worn)
Jewellery
 t - an amulet of guardian spirit (around neck)
 z - a ring of protection from fire (left hand)
 C - the ring "Pippuh" (right hand) {rF+ rC+ Str+3 Int+2}
   (You found it on level 5 of the Pits of Slime)

   [ring of protection from fire]

   It affects your strength (+3).
   It affects your intelligence (+2).
   It protects you from fire.
   It protects you from cold.
Wands
 f - a wand of polymorph (10)
 y - a wand of scattershot (2)
 H - a wand of clouds (3)
 J - a wand of iceblast (3)
 R - a wand of digging (13)
 S - a wand of acid (3)
 W - a wand of disintegration (14)
Scrolls
 b - 4 scrolls of vulnerability
 c - 2 scrolls of summoning
 d - 2 scrolls of revelation
 j - a scroll of immolation
 l - 2 scrolls of teleportation
 p - 19 scrolls of remove curse
 w - 8 scrolls of blinking
 D - 3 scrolls of fog
 M - 2 scrolls of fear
Potions
 g - 5 potions of lignification
 h - 10 potions of mutation
 k - a potion of might
 m - 3 potions of flight
 r - 4 potions of heal wounds
 A - a potion of invisibility
 B - 9 potions of ambrosia
 G - a potion of cancellation
 L - a potion of agility
 T - 12 potions of curing
 U - 3 potions of magic
Miscellaneous
 u - a phial of floods (inert)
 v - a sack of spiders (inert)
 x - a lightning rod (4/4)
 I - a phantom mirror
 N - a fan of gales (2/2)
 Z - a lamp of fire
Comestibles
 e - 27 rations {!d}


   Skills:
 + Level 23.8 Fighting
   Level 8.0(15.9) Short Blades
 + Level 16.9(17.2) Long Blades
 - Level 15.0 Throwing
 - Level 23.0 Armour
 - Level 10.0 Dodging
 - Level 15.0 Stealth
 - Level 10.0 Shields
 O Level 27 Evocations


You had 26 spell levels left.
You didn't know any spells.
Your spell library contained the following spells:

 Spells                   Type           Power        Failure   Level  Hunger
 Slow                     Hex            #.......     97%         1    None
 Summon Butterflies       Summ           #.......     97%         1    None
 Blink                    Tloc           N/A          99%         2    ####...
 Ensorcelled Hibernation  Hex/Ice        #.....       99%         2    ####...
 Shackle                  Hex            #.......     99%         2    ####...
 Song of Slaying          Chrm           #.......     99%         2    ####...
 Swiftness                Chrm/Air       #.......     99%         2    ####...
 False Image              Hex/Summ       #.......     100%        3    #####..
 Ignite Poison            Fire/Tmut/Pois #.......     100%        3    #####..
 Ozocubu's Armour         Chrm/Ice       #.......     100%        3    #####..
 Recall                   Summ/Tloc      N/A          100%        3    #####..
 Teleport Other           Tloc           #.......     100%        3    #####..
 Cause Fear               Hex            #.........   100%        4    ######.
 Tree Form                Hex/Tmut       N/A          100%        4    ######.
 Freezing Cloud           Ice/Air        #.......     100%        5    #######
 Iskenderun's Battlesphe  Conj/Chrm      #.......     100%        5    #######
 Conjure Ball Lightning   Conj/Air       #.........   100%        6    #######
 Invisibility             Hex            #.......     100%        6    #######
 Ignition                 Fire           #.........   100%        8    #######
 Tornado                  Tloc/Air       #.........   100%        8    #######


Dungeon Overview and Level Annotations

Branches:
Dungeon (12/12)            Temple (1/1) D:4            Lair (6/6) D:8
 Shoals (3/3) Lair:2       Spider (3/3) Lair:4        Slime (5/5) Orc
    Orc (1/1) D:8          Vaults (2/3) D:11         Forest (0/3) Lair:5
  Crypt (0/2) Vaults:2     Depths (5/5) D:12            Zot (5/5) Depths:5

Altars:
Ashenzari
Cheibriados
Dithmenos
Elyvilon
Fedhas
Gozag
Kikubaaqudgha
Lugonu
Makhleb
Nemelex Xobeh
Okawaru
Qazlal
Ru
Sif Muna
Trog
Vehumet
Wu Jian
Xom
Yredelemnul
Zin
The Shining One
Jiyva

Shops:
D:9 (   Orc *(:[(   Shoals:1 *   Shoals:3 *   Depths:2 *   Depths:4 %
Depths:5 [}(

Portals:
Hell: Depths:1 Depths:2 Depths:3 Depths:4 Depths:5
Abyss: Depths:4
Pandemonium: Depths:2 Depths:3
Ziggurat: Depths:4
Bazaar: Depths:5

Annotations:
Lair:1 exclusion: oklob plant
Depths:2 1 runed door
Zot:1 3 runed translucent doors, Jeav's ghost, legendary GrAc; Jiorhin's ghost, legendary TrBe


Innate Abilities, Weirdness & Mutations

You are small and have problems with some larger weapons.
You have sharp toenails.
You are carnivorous and can eat meat at any time.
You are somewhat resistant to further mutation.
You passively map the area around you.


Message History

Your water elemental barely misses the balrug.
Your water elemental misses the monstrous blood saint.
Your water elemental hits the monstrous blood saint!
The monstrous blood saint slips free of the water.
There is an open door here.
Your water elemental hits the monstrous blood saint.
The balrug barely misses your water elemental.
Your water elemental hits the monstrous blood saint!
Your water elemental engulfs the monstrous blood saint in water!
Your water elemental hits the monstrous blood saint!
Your water elemental closely misses the balrug.
The monstrous blood saint slips free of the water.
There is a stone staircase leading up here.
You fly upwards.
You float gracefully downwards.
There is a stone staircase leading down here.
You feel very buoyant.
You fly up into the air.
There is a staircase leading out of the dungeon here.
The power of the Orb breaks the dimensional shunt like a soap bubble!
You have escaped!

.....#......#...#...#.....# #(#
#........#...#..#..#...#..## #.#
#.........#..#..#..#..#....# #.#
#####......#..#.#.#..#.....# #.#
#...#...#.#.#.#.#...#..# #.#
#....##..#.#.#.#..##...# #.# #
#......##.#...#.##.....# #.# #
##........#.....#.......###.#
####...######...@...######.##..#
##...........#.....#.......##.##
...#.......##.#...#.##.....##.#
.........##..#.#.#.#..##...#..#
..####..#...#.#.#.#.#...#..#[##
...........#..#.#.#..#.....#.##
..........#..#..#..#..#.......#
.........#...#..#..#...#......#
............#...#...#.........#


There were no monsters in sight!

Vanquished Creatures
  the Royal Jelly (Slime:5)
  2 orbs of fire
  2 ancient liches
  4 golden dragons
  4 Killer Klowns
  Boris (Vaults:2)
  A curse toe (Zot:4)
  A caustic shrike (Depths:3)
  8 rockslimes
  3 electric golems
  4 Orb Demons
  26 Orb Guardians
  14 tentacled monstrosities
  3 liches
  Jorgrun (Shoals:1)
  4 wendigos
  27 acid blobs
  A titan (Depths:4)
  11 quicksilver dragons
  3 deep elf master archers (Depths:2)
  3 krakens
  10 death cobs
  An Executioner (Depths:4)
  4 sphinxes
  3 tengu reavers
  Kirke (Shoals:2)
  4 shadow dragons
  2 draconian knights
  Ilsuiw (Shoals:1)
  2 draconian monks
  4 frost giants
  12 storm dragons
  10 azure jellies
  3 fire giants
  4 ghost moths
  3 iron dragons
  2 orc warlords
  3 draconian shifters (Zot:1)
  5 vault wardens
  7 emperor scorpions
  3 eyes of devastation
  2 draconian annihilators (Zot:1)
  22 stone giants
  A draconian stormcaller (Zot:4)
  An angel (Zot:2)
  6 ironheart preservers
  17 very ugly things
  A dire elephant (Vaults:1)
  8 red draconians
  7 black draconians
  2 deep elf annihilators
  8 yellow draconians
  3 spark wasps
  6 white draconians
  An entropy weaver (Spider:3)
  8 green draconians
  8 purple draconians
  A minotaur (Gauntlet)
  A merfolk javelineer (Shoals:3)
  A deep elf death mage (Depths:3)
  3 merfolk impalers
  6 ettins
  11 fire dragons
  3 rakshasas
  9 yaktaur captains
  A deep elf high priest (Depths:1)
  7 ice dragons
  6 vault guards
  3 hydras
  A spriggan air mage (Depths:3)
  8 ogre magi
  5 merfolk aquamancers
  7 great orbs of eyes
  A death knight (D:10)
  A merfolk avatar (Shoals:3)
  5 death oozes
  3 catoblepae
  6 satyrs
  6 deep troll shamans
  A tengu warrior (Gauntlet)
  18 two-headed ogres
  2 vampire magi (Vaults:2)
  A death yak (Lair:6)
  A death scarab (Gauntlet)
  3 orc high priests (Orc)
  6 deep troll earth magi
  An ironheart beastmaster (Vaults:1)
  2 sea snakes (Shoals:3)
  3 ancient automatons
  A shock serpent (Shoals:1)
  6 spriggan berserkers
  A deep elf knight (Vaults:2)
  24 centaur warriors
  13 deep trolls
  A fire crab (shapeshifter) (Depths:4)
  3 iron trolls
  152 slime creatures
  2 golden dragon zombies
  A hell knight (Vaults:2)
  2 skeletal warriors (D:12)
  4 glowing orange brains
  A death drake (Shoals:3)
  A swamp dragon (Lair:6)
  3 unseen horrors
  3 deep elf archers
  13 harpies
  An orange crystal statue (Spider:3)
  5 cyclopes
  2 flayed ghosts
  A harpy (shapeshifter) (Depths:3)
  2 phantasmal warriors (Vaults:2)
  4 orc knights (Orc)
  A lindwurm (Lair:6)
  3 necromancers
  8 orb spiders
  7 ironheart convokers
  4 wizards
  18 wolf spiders
  A mana viper (Shoals:3)
  6 shining eyes
  A glowing shapeshifter (Vaults:1)
  3 orc sorcerers (Orc)
  17 ugly things
  3 deep elf magi (Vaults:2)
  A frost giant zombie (D:12)
  10 fauns
  26 moths of wrath
  10 manticores
  A fire giant skeleton (D:12)
  9 elephants
  A rust devil (Depths:1)
  4 vault sentinels
  An elephant (shapeshifter) (Depths:3)
  4 ice statues
  3 black mambas
  13 merfolk sirens
  6 torpor snails
  2 gargoyles
  10 water nymphs
  A rime drake (Lair:3)
  5 demonic crawlers
  8 cane toads
  25 yaktaurs
  2 freezing wraiths
  15 jumping spiders
  9 komodo dragons
  A spark wasp simulacrum (Depths:2)
  4 flying skulls (Depths:1)
  An entropy weaver simulacrum (Vaults:1)
  3 tengu conjurers
  6 ice devils (IceCv)
  2 golden dragon simulacra (IceCv)
  A red devil (D:12)
  A queen bee (Spider:3)
  7 trolls
  2 harpy zombies (Shoals:2)
  3 meliai (Spider:3)
  8 snapping turtles
  A polar bear (Lair:5)
  A fire dragon zombie (D:12)
  A wind drake (Shoals:1)
  9 hornets
  17 merfolk
  3 tyrant leeches (Lair:6)
  A harpy skeleton (D:12)
  A blink frog (shapeshifter) (Vaults:2)
  A fire giant simulacrum (Vaults:2)
  3 raiju (shapeshifter)
  24 blink frogs
  8 dream sheep
  10 hippogriffs
  A hippogriff (shapeshifter) (Depths:2)
  A spriggan (D:10)
  2 vampires (D:10)
  A shadow (Vaults:2)
  17 humans
  21 yaks
  14 water elementals
  A wraith (Vaults:2)
  28 tarantellas
  A basilisk (shapeshifter) (Depths:3)
  9 golden eyes
  4 steam dragons (Lair:6)
  2 hungry ghosts
  A basilisk (Lair:6)
  A black mamba skeleton (D:10)
  41 redbacks
  3 vampire mosquitoes (D:12)
  Menkaure (D:4)
  An acid dragon (Lair:6)
  2 harpy simulacra (IceCv)
  11 crocodiles
  A warg (Orc)
  A hydra simulacrum (IceCv)
  5 water moccasins
  2 floating eyes
  8 porcupines
  Purgy (Sewer)
  A black bear (shapeshifter) (D:12)
  A cane toad skeleton (D:10)
  An ettin simulacrum (Depths:2)
  37 orc warriors
  An ice beast (D:7)
  2 phantoms
  4 sky beasts
  A swamp drake (Lair:6)
  2 necrophages
  3 boggarts
  16 wolves
  16 ogres
  2 kobold brigands
  Blork the orc (Orc)
  A hippogriff zombie (Shoals:2)
  11 bullfrogs
  A wyvern zombie (D:5)
  3 centaurs (D:8)
  34 scorpions
  A water moccasin skeleton (D:7)
  18 killer bees
  5 wights
  5 electric eels
  A howler monkey (D:12)
  21 orc priests
  10 crimson imps
  Crazy Yiuf (D:3)
  6 hounds
  3 jellies
  An iron imp (Depths:3)
  9 iguanas
  18 orc wizards
  11 worker ants
  A hound skeleton (D:7)
  A worker ant zombie (D:9)
  A howler monkey zombie (D:6)
  Robin (D:3)
  7 gnolls
  24 adders
  A shadow imp (D:9)
  2 adder zombies
  An adder skeleton (D:7)
  3 worms (D:2)
  2 dart slugs
  9 leopard geckos
  77 orcs
  6 bats
  A bat zombie (Shoals:2)
  5 giant cockroaches
  14 goblins
  11 hobgoblins
  5 jackals
  4 quokkas
  4 frilled lizards
  12 kobolds
  A quokka skeleton (D:5)
  5 rats
  A fungus (Lair:6)
  3 plants
  4 tentacles
1680 creatures vanquished.

Vanquished Creatures (collateral kills)
  A juggernaut (Depths:5)
  3 orbs of fire
  Tiamat (Zot:1)
  4 ancient liches
  3 golden dragons (Zot:2)
  A curse toe (Zot:5)
  A rockslime (Depths:4)
  2 electric golems (Zot:5)
  An Orb Demon (Zot:2)
  An Orb Guardian (Zot:5)
  2 liches
  3 tentacled monstrosities
  A quicksilver dragon (Zot:2)
  An acid blob (Slime:5)
  4 storm dragons
  A draconian monk (Zot:1)
  A ghost moth (Zot:5)
  4 fire giants
  2 draconian knights
  An azure jelly (Slime:5)
  A vault warden (Vaults:1)
  3 stone giants
  4 draconian shifters
  4 draconian scorchers
  2 ironheart preservers (Vaults:2)
  3 very ugly things
  8 black draconians
  7 white draconians
  2 green draconians (Zot:1)
  A deep elf annihilator (Vaults:2)
  4 purple draconians
  An ettin (Vaults:2)
  2 yaktaur captains
  A spriggan air mage (Depths:3)
  An ice dragon (Depths:1)
  3 vault guards (D:11)
  An ogre mage (Vaults:1)
  A hell beast (Depths:1)
  2 death knights (Vaults:2)
  A two-headed ogre (Vaults:2)
  A tengu warrior (Vaults:2)
  A sea snake (Shoals:1)
  4 deep troll shamans
  A deep troll earth mage (Depths:4)
  2 death yaks (Lair:6)
  6 deep trolls
  A spriggan (Depths:3)
  6 centaur warriors
  3 hell knights (Vaults:2)
  A slime creature (Depths:3)
  4 moths of wrath
  A golden dragon skeleton (Depths:1)
  6 ironheart convokers
  A deep elf archer (Vaults:2)
  4 necromancers
  A wizard (Depths:1)
  2 cyclopes
  An ugly thing (Vaults:1)
  A merfolk siren (Shoals:1)
  A stone giant zombie (Depths:1)
  2 demonic crawlers (Spider:2)
  3 jumping spiders (Spider:2)
  A yaktaur zombie (Depths:1)
  4 yaktaurs
  A harpy zombie (Shoals:2)
  A freezing wraith (Vaults:2)
  A merfolk (Shoals:3)
  A hornet (Depths:3)
  A tarantella (Spider:2)
  A hog (Shoals:2)
  2 humans (D:11)
  A spriggan simulacrum (Depths:1)
  2 orcs (Orc)
  4 tentacles (Shoals:2)
163 creatures vanquished.

Vanquished Creatures (others)
  A Killer Klown (Zot:5)
  An Orb Guardian (Zot:5)
  A sphinx (Vaults:2)
  3 acid blobs (Slime:5)
  A tengu reaver (Vaults:2)
  A draconian monk (Zot:1)
  A draconian knight (Zot:5)
  3 azure jellies (Slime:5)
  A ghost moth (Spider:3)
  An ironheart preserver (Vaults:2)
  A draconian annihilator (Zot:3)
  4 stone giants
  An emperor scorpion (Spider:3)
  An eye of devastation (Depths:2)
  2 white draconians (Zot:1)
  2 black draconians
  An entropy weaver (Spider:3)
  2 dire elephants (Vaults:1)
  A red draconian (Zot:1)
  2 merfolk javelineers (Depths:1)
  3 yaktaur captains
  2 merfolk impalers (Shoals:3)
  An ice dragon (Vaults:2)
  A merfolk aquamancer (Shoals:3)
  A shadow wraith (Vaults:2)
  An ogre mage (Vaults:1)
  2 two-headed ogres (Vaults:1)
  A death ooze (Slime:5)
  4 centaur warriors
  A deep troll (Vaults:2)
  4 wolf spiders
  A kraken simulacrum (Shoals:3)
  A phantasmal warrior (Vaults:2)
  An orb spider (Spider:3)
  4 moths of wrath (Zot:5)
  A vault sentinel (Vaults:2)
  2 yaktaurs
  2 jumping spiders (Spider:3)
  2 freezing wraiths (Vaults:2)
  A hornet (Spider:3)
  A tengu simulacrum (Vaults:2)
  A snapping turtle (Shoals:3)
  A hippogriff (Shoals:1)
  5 humans (Shoals:2)
  3 redbacks
  An orc warrior (Orc)
  3 ogres (Vaults:1)
  2 fungi
  62 plants
  32 tentacles
178 creatures vanquished.

Grand Total: 2021 creatures vanquished

Notes
Turn   | Place    | Note
-------+----------+-------------------------------------------
     0 | D:1      | zoran the Kobold Berserker began the quest for the Orb.
     0 | D:1      | Reached XP level 1. HP: 16/16 MP: 1/1
   124 | D:1      | Reached skill level 1 in Stealth
   124 | D:1      | Reached XP level 2. HP: 19/21 MP: 2/2
   537 | D:2      | Reached skill level 1 in Throwing
   537 | D:2      | Reached XP level 3. HP: 7/26 MP: 3/3
   685 | D:2      | Reached XP level 4. HP: 22/32 MP: 4/4
   987 | D:2      | Reached ** piety under Trog
  1622 | D:3      | Reached XP level 5. HP: 37/37 MP: 5/5
  1849 | D:3      | Noticed Robin
  1860 | D:3      | Found a sparkling altar of Nemelex Xobeh.
  1871 | D:3      | Killed Robin
  1971 | D:3      | Found a blossoming altar of Fedhas.
  2012 | D:3      | Reached XP level 6. HP: 43/43 MP: 6/6
  2200 | D:3      | Reached skill level 5 in Short Blades
  2307 | D:3      | Found a runed door.
  2400 | D:4      | Found a staircase to the Ecumenical Temple.
  2483 | D:4      | Noticed Menkaure
  2507 | Temple   | Entered the Ecumenical Temple
  2605 | D:4      | Killed Menkaure
  2606 | D:4      | Reached XP level 7. HP: 23/49 MP: 7/7
  2760 | D:4      | Found a snail-covered altar of Cheibriados.
  2771 | D:4      | Reached *** piety under Trog
  2815 | D:4      | Found a bloodstained altar of Trog.
  2821 | D:4      | Found a burning altar of Makhleb.
  2832 | D:4      | Reached skill level 5 in Fighting
  3215 | D:4      | Reached skill level 5 in Dodging
  3673 | D:4      | Reached skill level 5 in Armour
  3673 | D:4      | Reached XP level 8. HP: 49/55 MP: 8/8
  3947 | D:4      | Found an ornate altar of the Wu Jian Council.
  4225 | D:5      | Entered Level 5 of the Dungeon
  4239 | D:5      | Found a white marble altar of Elyvilon.
  4463 | D:5      | Noticed a two-headed ogre
  4482 | D:5      | Killed a two-headed ogre
  4483 | D:5      | Reached XP level 9. HP: 61/61 MP: 9/9
  4980 | D:5      | Reached skill level 1 in Evocations
  5159 | D:6      | Found an opulent altar of Gozag.
  5266 | D:6      | Found a glowing drain.
  5329 | Sewer    | Entered a sewer
  5478 | Sewer    | Noticed Purgy
  5488 | Sewer    | Killed Purgy
  5489 | Sewer    | Reached skill level 2 in Evocations
  5636 | D:6      | Noticed a green ugly thing
  5655 | D:6      | Killed a green ugly thing
  5655 | D:6      | Reached **** piety under Trog
  5656 | D:6      | Reached skill level 3 in Evocations
  5994 | D:6      | Reached skill level 4 in Evocations
  6179 | D:7      | Noticed a two-headed ogre
  6286 | D:7      | Killed a two-headed ogre
  6287 | D:7      | Reached skill level 5 in Stealth
  6287 | D:7      | Reached skill level 5 in Evocations
  6287 | D:7      | Reached XP level 10. HP: 59/66 MP: 13/13
  6350 | D:7      | Found a shattered altar of Ashenzari.
  6871 | D:7      | Noticed a manticore
  6883 | D:7      | Killed a manticore
  7534 | D:8      | Reached skill level 10 in Stealth
  7725 | D:8      | Found an iron altar of Okawaru.
  8077 | D:8      | Reached XP level 11. HP: 72/74 MP: 14/14
  8099 | D:8      | Found a roughly hewn altar of Beogh.
  8099 | D:8      | Found a staircase to the Orcish Mines.
  8251 | D:9      | Reached ***** piety under Trog
  8797 | D:8      | Found a staircase to the Lair.
  8916 | Lair:1   | Entered Level 1 of the Lair of Beasts
  9654 | Lair:1   | Found a glowing golden altar of the Shining One.
  9654 | Lair:1   | Noticed an oklob plant
 10120 | Lair:2   | Found a runed door.
 10122 | Lair:2   | Noticed a harpy
 10127 | Lair:2   | Found a staircase to the Shoals.
 10127 | Lair:2   | Noticed a harpy
 10127 | Lair:2   | Noticed a harpy
 10128 | Lair:2   | Noticed a moth of wrath
 10142 | Lair:2   | Reached skill level 10 in Fighting
 10142 | Lair:2   | Reached skill level 6 in Evocations
 10202 | Lair:2   | Received a gift from Trog
 10329 | Lair:2   | Reached skill level 7 in Evocations
 10667 | Lair:2   | Reached skill level 8 in Evocations
 11489 | Lair:3   | Reached skill level 9 in Evocations
 11657 | Lair:3   | Reached XP level 12. HP: 74/87 MP: 19/19
 11748 | Lair:3   | Reached skill level 10 in Evocations
 13297 | Lair:4   | Found a hole to the Spider Nest.
 13999 | Lair:5   | Found a staircase to the Spriggan Forest.
 14016 | Lair:5   | Reached skill level 15 in Stealth
 14173 | Lair:5   | Got a polished chain mail
 14291 | Lair:4   | Reached XP level 13. HP: 43/92 MP: 20/20
 14718 | Lair:5   | Reached skill level 10 in Dodging
 14790 | Lair:5   | Received a gift from Trog
 15432 | Lair:5   | Reached skill level 10 in Armour
 15684 | Lair:6   | Entered Level 6 of the Lair of Beasts
 15851 | Lair:6   | Reached skill level 5 in Throwing
 16205 | Lair:6   | Noticed a catoblepas
 16210 | Lair:6   | Identified the Disquisition on Enchanting Calling
 16285 | Lair:6   | Identified the cursed +0 chain mail of Witruh {rC+ rN+
                  | Int-5 Dex+4} (You found it on level 5 of the Lair of
                  | Beasts)
 16626 | Lair:6   | Killed a catoblepas
 16829 | Lair:6   | Noticed a fire dragon
 16835 | Lair:6   | Killed a fire dragon
 17102 | Lair:6   | Found a runed door.
 17123 | Lair:6   | Reached XP level 14. HP: 102/102 MP: 10/21
 18037 | Lair:6   | Reached skill level 10 in Throwing
 18461 | D:9      | Found the +8 orange crystal plate armour {Archmagi, Int+3
                  | Clar}
 18636 | D:9      | Found Haivutih's Antique Weapon Boutique.
 18783 | D:9      | Received a gift from Trog
 18932 | D:9      | Found an ancient bone altar of Kikubaaqudgha.
 18939 | D:9      | Found a shimmering blue altar of Sif Muna.
 18940 | D:9      | Found a radiant altar of Vehumet.
 18945 | D:9      | Identified Sif Muna's Incunabulum of the Entourage
 19088 | D:10     | Entered Level 10 of the Dungeon
 19401 | D:10     | Noticed Maurice
 19467 | D:10     | Noticed Maurice
 19467 | D:10     | Maurice changed into Maurice the ogre
 19474 | D:10     | Killed Maurice the ogre
 19938 | D:11     | Found a sacrificial altar of Ru.
 20800 | D:11     | Found a gate to the Vaults.
 21324 | D:12     | Entered Level 12 of the Dungeon
 21361 | D:12     | Reached XP level 15. HP: 98/113 MP: 11/22
 21972 | D:11     | Reached ****** piety under Trog
 22352 | D:12     | Received a gift from Trog
 22573 | D:12     | Reached skill level 15 in Fighting
 22685 | D:12     | Reached skill level 1 in Shields
 22731 | D:12     | Found a staircase to the Depths.
 23322 | Orc      | Entered the Orcish Mines
 23322 | Orc      | Noticed an orc warlord
 23422 | D:8      | Killed an orc warlord
 23878 | Orc      | Found a gate leading to a gauntlet.
 23884 | Orc      | Found Loykuj's Weapon Boutique.
 23887 | Gauntlet | Entered a Gauntlet
 23887 | Gauntlet | Found a transporter.
 23887 | Gauntlet | Found a transporter.
 23921 | Gauntlet | Found a transporter.
 23922 | Gauntlet | Found a transporter.
 23938 | Gauntlet | Found a transporter.
 23959 | Gauntlet | Found a transporter.
 23959 | Gauntlet | Found a transporter.
 23976 | Gauntlet | Found a transporter.
 23982 | Gauntlet | Found a transporter.
 23988 | Gauntlet | Found a transporter.
 24211 | Gauntlet | Reached skill level 5 in Shields
 24566 | Orc      | Found a runed door.
 24567 | Orc      | Found a viscous altar of Jiyva.
 24567 | Orc      | Noticed an acid blob
 24568 | Orc      | Noticed an acid blob
 24569 | Orc      | Found a staircase to the Slime Pits.
 24631 | Orc      | Noticed Blork the orc
 24692 | Orc      | Killed Blork the orc
 24692 | Orc      | Received a gift from Trog
 25081 | Orc      | Noticed an orc warlord
 25169 | Orc      | Killed an orc warlord
 25280 | Orc      | Found a roughly hewn altar of Beogh.
 25294 | Orc      | Found Retwyj's General Store.
 25314 | Orc      | Bought a scroll of revelation for 64 gold pieces
 25314 | Orc      | Bought a potion of heal wounds for 80 gold pieces
 25357 | Orc      | Found Osomip's Book Emporium.
 25381 | Orc      | Found Gidiraypn's Antique Armour Emporium.
 25413 | Orc      | Found Comuaxt's Antique Weapon Emporium.
 25429 | Orc      | Bought an embroidered cloak for 247 gold pieces
 25456 | Orc      | Bought a runed scimitar for 224 gold pieces
 25676 | Spider:1 | Entered Level 1 of the Spider Nest
 26119 | Spider:1 | Reached XP level 16. HP: 85/122 MP: 23/23
 26323 | Spider:1 | Reached skill level 1 in Long Blades
 26520 | Spider:1 | Received a gift from Trog
 27585 | Spider:2 | Found a frozen archway.
 27637 | IceCv    | Entered an ice cave
 28310 | IceCv    | Noticed an Ice Fiend
 29043 | Spider:2 | Received a gift from Trog
 29906 | Spider:3 | Entered Level 3 of the Spider Nest
 30131 | Spider:3 | Reached skill level 5 in Long Blades
 30443 | Spider:3 | Reached XP level 17. HP: 116/127 MP: 12/24
 30893 | Spider:3 | Received a gift from Trog
 30958 | Spider:3 | Reached skill level 10 in Shields
 31596 | Spider:3 | Identified a scroll of acquirement
 31596 | Spider:3 | Got a gossamer rune of Zot
 31600 | Spider:3 | Identified the +1 short sword of Plunder {venom, +Inv Int+4
                  | Stlth-} (You acquired it on level 3 of the Spider Nest)
 31600 | Spider:3 | Identified the scarf of Henotheism {rC+ rF+, +Inv Dex+4}
                  | (You acquired it on level 3 of the Spider Nest)
 31600 | Spider:3 | Identified the amulet of Gihab {Regen +Fly rElec Str+3}
                  | (You acquired it on level 3 of the Spider Nest)
 31994 | Shoals:1 | Entered Level 1 of the Shoals
 32051 | Shoals:1 | Reached skill level 15 in Armour
 32554 | Shoals:1 | Received a gift from Trog
 32576 | Shoals:1 | Found Baon's Assorted Antiques.
 32579 | Shoals:1 | Bought a scroll of fog for 44 gold pieces
 32579 | Shoals:1 | Bought a potion of might for 88 gold pieces
 32802 | Shoals:1 | Noticed a kraken
 32817 | Shoals:1 | Noticed Jorgrun
 32828 | Shoals:1 | Killed Jorgrun
 32834 | Shoals:1 | Killed a kraken
 32860 | Shoals:1 | Reached XP level 18. HP: 76/134 MP: 12/25
 32987 | Shoals:2 | Noticed Ilsuiw
 33011 | Shoals:1 | Killed Ilsuiw
 33479 | Shoals:2 | Noticed a kraken
 33499 | Shoals:2 | Killed a kraken
 33500 | Shoals:2 | Reached skill level 11 in Evocations
 33539 | Shoals:2 | Noticed Kirke
 33613 | Shoals:2 | Killed Kirke
 33674 | Shoals:2 | Received a gift from Trog
 33745 | Shoals:2 | Reached skill level 10 in Long Blades
 34158 | Shoals:3 | Entered Level 3 of the Shoals
 34607 | Shoals:3 | Reached skill level 12 in Evocations
 34675 | Shoals:3 | Found Hentus's General Store.
 34719 | Shoals:3 | Bought a scroll of blinking for 105 gold pieces
 34719 | Shoals:3 | Bought a scroll of vulnerability for 105 gold pieces
 34719 | Shoals:3 | Bought a scroll of immolation for 49 gold pieces
 34719 | Shoals:3 | Bought a wand of acid (7) for 224 gold pieces
 34719 | Shoals:3 | Bought a wand of scattershot (5) for 252 gold pieces
 34766 | Shoals:3 | Received a gift from Trog
 35922 | Shoals:3 | Got a barnacled rune of Zot
 35954 | Shoals:3 | Noticed a kraken
 36008 | Shoals:3 | Killed a kraken
 36191 | Shoals:3 | Reached XP level 19. HP: 139/139 MP: 14/28
 36412 | Depths:1 | Entered Level 1 of the Depths
 36507 | Vaults:1 | Entered Level 1 of the Vaults
 36645 | Vaults:1 | Reached skill level 13 in Evocations
 37203 | Vaults:1 | Received a gift from Trog
 38247 | Vaults:1 | Reached skill level 14 in Evocations
 38686 | Vaults:1 | Identified the +9 falchion "Keuniet" {venom, rN+} (Trog
                  | gifted it to you on level 1 of the Vaults)
 38686 | Vaults:1 | Received a gift from Trog
 39326 | Vaults:2 | Reached XP level 20. HP: 141/145 MP: 15/31
 39674 | Vaults:2 | Found a staircase to the Crypt.
 39759 | Vaults:2 | Reached skill level 15 in Evocations
 39838 | Vaults:2 | Noticed Boris
 39969 | Vaults:2 | Received a gift from Trog
 40004 | Vaults:2 | Identified the +0 chain mail of Responsibility {rF+ Slay+4}
 40410 | Vaults:2 | Noticed a tentacled monstrosity
 40438 | Vaults:2 | Killed a tentacled monstrosity
 40966 | Vaults:2 | Killed Boris
 41129 | Vaults:2 | Reached XP level 21. HP: 130/151 MP: 32/32
 41839 | Shoals:1 | Bought a scroll of silence for 165 gold pieces
 41839 | Shoals:1 | Bought a scroll of teleportation for 66 gold pieces
 42081 | D:3      | Noticed Crazy Yiuf
 42085 | D:3      | Killed Crazy Yiuf
 43222 | Depths:1 | Noticed a rockslime
 43236 | Depths:1 | Killed a rockslime
 43481 | Depths:1 | Found a gateway to Hell.
 43569 | Depths:1 | Received a gift from Trog
 43690 | Depths:1 | Reached skill level 15 in Long Blades
 44038 | Depths:1 | Found a radiant altar of Vehumet.
 44143 | Depths:1 | Found a radiant altar of Vehumet.
 44143 | Depths:1 | Found a shimmering altar of Xom.
 44145 | Depths:1 | Found a glowing silver altar of Zin.
 44145 | Depths:1 | Found a snail-covered altar of Cheibriados.
 44259 | Depths:1 | Reached XP level 22. HP: 92/158 MP: 33/33
 44825 | Depths:2 | Found a runed door.
 46031 | Depths:2 | Found Zaotzopp's Assorted Antiques.
 46198 | Depths:2 | Bought a box of beasts for 800 gold pieces
 46198 | Depths:2 | Bought a box of beasts for 800 gold pieces
 46377 | Depths:2 | Found a one-way gate leading to the halls of Pandemonium.
 46849 | Depths:3 | Received a gift from Trog
 47023 | Depths:3 | Paralysed by a sphinx for 3 turns
 48235 | Depths:3 | Reached XP level 23. HP: 168/174 MP: 34/34
 48257 | Depths:3 | Noticed a rockslime
 48283 | Depths:3 | Killed a rockslime
 48871 | Depths:4 | Found Xohuc's Food Boutique.
 48918 | Depths:4 | Found a one-way gate to the infinite horrors of the Abyss.
 48933 | Depths:4 | Identified the cursed +0 buckler of Tuwiq {rElec rCorr
                  | Str-2 Dex+4}
 49094 | Depths:4 | Noticed a Killer Klown
 49124 | Depths:4 | Killed a Killer Klown
 49294 | Depths:4 | Found a gateway to a ziggurat.
 49296 | Depths:4 | Noticed a rockslime
 49309 | Depths:4 | Killed a rockslime
 49313 | Depths:4 | Noticed a rockslime
 49357 | Depths:4 | Killed a rockslime
 49724 | Depths:4 | Received a gift from Trog
 49761 | Depths:4 | Reached skill level 16 in Evocations
 49972 | Depths:4 | Noticed a rockslime
 49986 | Depths:4 | Noticed a rockslime
 49987 | Depths:4 | Killed a rockslime
 50000 | Depths:4 | Noticed a Killer Klown
 50146 | Depths:4 | Noticed an ancient lich
 50155 | Depths:4 | Killed an ancient lich
 50163 | Depths:4 | Killed a rockslime
 50165 | Depths:4 | Reached skill level 17 in Evocations
 50166 | Depths:4 | Killed a Killer Klown
 50192 | Depths:4 | Reached skill level 18 in Evocations
 50225 | Depths:3 | Reached XP level 24. HP: 112/183 MP: 25/36
 50414 | Depths:4 | Noticed a golden dragon
 50418 | Depths:4 | Noticed a caustic shrike
 50431 | Depths:3 | Killed a caustic shrike
 50481 | Depths:3 | Killed a golden dragon
 50606 | Depths:4 | Reached skill level 19 in Evocations
 51209 | Depths:5 | Entered Level 5 of the Depths
 51209 | Depths:5 | Found Piutuel's Gadget Shoppe.
 51210 | Depths:5 | Noticed a juggernaut
 51221 | Depths:5 | Killed a juggernaut
 51226 | Depths:5 | Reached skill level 20 in Evocations
 51229 | Depths:5 | Bought a wand of iceblast (10) for 231 gold pieces
 51229 | Depths:5 | Bought a wand of acid (6) for 196 gold pieces
 51229 | Depths:5 | Bought a phantom mirror for 280 gold pieces
 51229 | Depths:5 | Bought a phantom mirror for 280 gold pieces
 51656 | Depths:5 | Found Asuqecio's Antique Armour Shoppe.
 51662 | Depths:5 | Bought a shiny helmet for 307 gold pieces
 51895 | Depths:5 | Received a gift from Trog
 52064 | Depths:5 | Found a gateway to a bazaar.
 52236 | Depths:5 | Found Oloqug's Weapon Boutique.
 53139 | Depths:5 | Found a gate to the Realm of Zot.
 53801 | Slime:1  | Entered Level 1 of the Pits of Slime
 53956 | Slime:1  | Reached skill level 15 in Throwing
 55052 | Slime:2  | Reached XP level 25. HP: 147/189 MP: 28/37
 55553 | Slime:2  | Received a gift from Trog
 56121 | Slime:3  | Reached skill level 21 in Evocations
 57023 | Slime:4  | Received a gift from Trog
 57544 | Slime:5  | Entered Level 5 of the Pits of Slime
 57603 | Slime:4  | Reached skill level 22 in Evocations
 58479 | Slime:5  | Noticed the Royal Jelly
 58531 | Slime:5  | Found a viscous altar of Jiyva.
 58537 | Slime:5  | Found the +8 whip "Snakebite" {curare, rPois}
 58586 | Slime:5  | Killed the Royal Jelly
 58753 | Slime:5  | Got a slimy rune of Zot
 58755 | Slime:5  | Identified the Incunabulum of the Ninety-Nine Curses
 58773 | Slime:5  | Identified the cursed ring of Zikhlisk {Fire -Tele rElec
                  | Int+7 Dex+3}
 58784 | Slime:5  | Identified the +7 morningstar of the Mosquito {vamp, MR+}
 58786 | Slime:5  | Identified Etuhenn's Handbook of Feathery Self-Improvement
 58814 | Slime:5  | Identified the ring "Pippuh" {rF+ rC+ Str+3 Int+2}
 58820 | Slime:5  | Identified the +8 trident "Xabocsia" {freeze, rN+ Str+6
                  | Int+4}
 58839 | Slime:5  | Identified the +8 short sword of Luorch {drain, MP-9 Str+7}
 58842 | Slime:5  | Identified the Collected Works on Fiery Beguiling
 58867 | Slime:5  | Identified the +4 leather armour "Miythraat" {Slay+2}
 58868 | Slime:5  | Identified the +3 leather armour of Trumpets {rN+++ Str-3
                  | Int-3 Dex+3}
 58919 | Slime:5  | Identified the cursed +1 robe of Innyets {rElec Int+4}
 59330 | Zot:1    | Entered Level 1 of the Realm of Zot
 59374 | Zot:1    | Received a gift from Trog
 59414 | Zot:1    | Identified the +4 dragonskin cloak
 59414 | Zot:1    | Noticed Tiamat
 59422 | Zot:1    | Reached XP level 26. HP: 167/197 MP: 36/38
 59471 | Zot:1    | Killed Tiamat
 59858 | Zot:1    | Reached skill level 23 in Evocations
 60352 | Zot:1    | Found a runed translucent gate.
 60352 | Zot:1    | Found a runed translucent gate.
 60352 | Zot:1    | Found a runed translucent gate.
 60352 | Zot:1    | Found an ancient bone altar of Kikubaaqudgha.
 60352 | Zot:1    | Noticed Jiorhin's ghost (legendary TrBe)
 60352 | Zot:1    | Noticed Jeav's ghost (legendary GrAc)
 60352 | Zot:1    | Noticed an ancient lich
 60353 | Zot:1    | Noticed an ancient lich
 60353 | Zot:1    | Noticed an ancient lich
 60411 | Zot:1    | Noticed a golden dragon
 60425 | Zot:1    | Killed a golden dragon
 60689 | Zot:2    | Noticed a golden dragon
 60719 | Zot:2    | Killed a golden dragon
 61013 | Zot:2    | Received a gift from Trog
 61015 | Zot:2    | Noticed a golden dragon
 61027 | Zot:2    | Killed a golden dragon
 61028 | Zot:2    | Noticed a golden dragon
 61053 | Zot:2    | Noticed a golden dragon
 61063 | Zot:2    | Killed a golden dragon
 61098 | Zot:2    | Reached XP level 27. HP: 70/207 MP: 23/38
 61113 | Zot:2    | Killed a golden dragon
 61504 | Zot:2    | Identified the cursed +1 plate armour "Retsiz" {+Blink
                  | rElec Int+4}
 62868 | Zot:3    | Noticed an orb of fire
 62876 | Zot:3    | Noticed a Killer Klown
 62888 | Zot:3    | Killed an orb of fire
 62951 | Zot:3    | Killed a Killer Klown
 63218 | Zot:3    | Identified the +4 short sword of Descent {drain, -Tele
                  | Str+7 Int+2}
 64823 | Zot:4    | Received a gift from Trog
 65570 | Zot:5    | Entered Level 5 of the Realm of Zot
 65590 | Zot:5    | Noticed a golden dragon
 65610 | Zot:5    | Killed a golden dragon
 65611 | Zot:5    | Reached skill level 24 in Evocations
 66097 | Zot:5    | Killed an orb of fire
 66100 | Zot:5    | Noticed an ancient lich
 66240 | Zot:5    | Killed an ancient lich
 66241 | Zot:5    | Reached skill level 25 in Evocations
 66364 | Zot:5    | Noticed an ancient lich
 66411 | Zot:5    | Killed an ancient lich
 66457 | Zot:5    | Noticed an ancient lich
 66457 | Zot:5    | Noticed a Killer Klown
 66466 | Zot:5    | Killed a Killer Klown
 66470 | Zot:5    | Noticed a Killer Klown
 67109 | Zot:5    | Killed an ancient lich
 67265 | Zot:5    | Reached skill level 26 in Evocations
 67345 | Zot:5    | Killed a Killer Klown
 67377 | Zot:5    | Noticed an ancient lich
 67499 | Zot:4    | Noticed an orb of fire
 67630 | Zot:4    | Killed an ancient lich
 67662 | Zot:4    | Killed an orb of fire
 67815 | Zot:5    | Noticed an orb of fire
 67847 | Zot:5    | Received a gift from Trog
 67866 | Zot:5    | Killed an orb of fire
 67975 | Zot:5    | Noticed an orb of fire
 67993 | Zot:5    | Killed an orb of fire
 67994 | Zot:5    | Reached skill level 27 in Evocations
 68431 | Zot:5    | Noticed an ancient lich
 68443 | Zot:5    | Killed an ancient lich
 68992 | Zot:5    | Got the Orb of Zot
 69414 | D:4      | Noticed a seraph
 69480 | D:4      | Noticed Duthaj the pandemonium lord
 69585 | D:$      | Escaped with the Orb!

Skill      XL: |  1  2  3  4  5  6  7  8  9 10 11 12 13 14 15 16 17 18 19 20 21 22 23 24 25 26 27 |
---------------+----------------------------------------------------------------------------------+-----
Stealth        | 1 2 5 10 15 | 15.0
Throwing       | 1 2 3 8 10 12 15 | 15.0
Dodging        | 3 4 5 8 9 10 | 10.0
Fighting       | 4 5 6 10 11 14 15 19 20 21 23 | 23.8
Armour         | 3 5 6 8 10 11 13 14 15 16 17 18 20 21 23 | 23.0
Short Blades   | 5 8 |  8.0
Evocations     | 5 9 10 12 14 15 18 20 22 23 27 | 27.0
Shields        | 6 9 10 | 10.0
Long Blades    | 5 9 11 12 14 15 16 | 16.9

Action                   |  1- 3 |  4- 6 |  7- 9 | 10-12 | 13-15 | 16-18 | 19-21 | 22-24 | 25-27 || total
-------------------------+-------+-------+-------+-------+-------+-------+-------+-------+-------++-------
Melee: Short sword       |    37 |   146 |   127 |    76 |       |       |       |       |       ||   386
       Kick              |     6 |    43 |    77 |       |       |       |       |       |       ||   126
       Dagger            |       |    16 |   211 |   770 |   151 |       |       |       |       ||  1148
       Quick blade       |       |       |       |       |  1901 |  1408 |   605 |   133 |       ||  4047
       Scimitar          |       |       |       |       |       |    65 |       |       |       ||    65
       Falchion          |       |       |       |       |       |       |   184 |       |       ||   184
       Demon blade       |       |       |       |       |       |       |   395 |  1075 |  1680 ||  3150
 Fire: Blowgun           |       |       |       |       |    31 |   312 |       |       |    40 ||   383
Throw: Tomahawk          |       |       |       |       |    30 |   321 |   175 |   190 |    75 ||   791
Invok: Berserk           |     2 |     6 |     2 |    19 |    33 |    20 |     5 |     1 |     4 ||    92
       Trog's Hand       |       |     2 |       |       |     1 |     3 |     1 |       |       ||     7
       Brothers in Arms  |       |       |       |       |     5 |     4 |    11 |     5 |     8 ||    33
 Abil: Stop Flying       |       |       |       |       |     1 |     2 |     1 |       |       ||     4
       Evoke Flight      |       |       |       |       |       |     3 |       |       |       ||     3
Evoke: Wand              |       |       |     5 |    10 |    20 |    81 |    35 |    13 |    65 ||   229
       Lightning rod     |       |       |       |       |     4 |    26 |    32 |    19 |    17 ||    98
       Phial of floods   |       |       |       |       |     1 |     5 |     5 |     4 |    15 ||    30
       Box of beasts     |       |       |       |       |       |       |       |     2 |     8 ||    10
       Sack of spiders   |       |       |       |       |       |       |       |       |    14 ||    14
       Phantom mirror    |       |       |       |       |       |       |       |       |     3 ||     3
       Lamp of fire      |       |       |       |       |       |       |       |       |     7 ||     7
       Fan of gales      |       |       |       |       |       |       |       |       |     4 ||     4
  Use: Scroll            |     1 |     3 |     4 |     5 |    14 |     9 |    18 |     4 |    21 ||    79
       Potion            |       |     1 |       |     3 |     2 |     3 |     9 |     4 |    27 ||    49
 Stab: Sleeping          |       |     1 |     8 |    25 |     1 |       |       |       |       ||    35
       Paralysed         |       |       |     2 |       |     3 |       |     2 |     3 |     5 ||    15
       Distracted        |       |       |       |     1 |     2 |     5 |     4 |     2 |    15 ||    29
       Petrified         |       |       |       |     1 |       |       |       |       |       ||     1
       Confused          |       |       |       |       |     1 |     5 |     4 |    13 |     8 ||    31
       Invisible         |       |       |       |       |     1 |     4 |     5 |     9 |    14 ||    33
       Held in net/web   |       |       |       |       |       |       |       |       |     4 ||     4
  Eat: Chunk             |    10 |    13 |    21 |    57 |    88 |    73 |    46 |    53 |    37 ||   398
       Ration            |       |       |       |       |       |     2 |       |       |    25 ||    27
Armor: Animal skin       |     4 |       |       |       |       |       |       |       |       ||     4
       Ring mail         |     5 |    40 |    52 |   117 |    38 |       |       |       |       ||   252
       Skin              |       |       |       |     4 |     7 |       |       |       |       ||    11
       Chain mail        |       |       |       |       |    40 |       |       |       |       ||    40
       Crystal plate arm |       |       |       |       |   530 |   811 |   386 |   399 |   758 ||  2884
Dodge: Dodged            |    39 |   105 |   172 |   487 |   621 |   512 |   250 |   314 |   525 ||  3025
Block: Buckler           |       |       |       |       |   120 |   618 |   525 |   652 |   851 ||  2766
       Reflection        |       |       |       |       |     1 |    22 |    46 |    39 |       ||   108
